 Dungeon Crawl Stone Soup version 0.26-a0-50-gc4d14cd842 (webtiles) character file.

Game seed: 10916958469433765331

22082 xccam the Grappler (level 12, -4/106 HPs)
             Began as a White Draconian Transmuter on June 4, 2020.
             Was a High Priest of Okawaru.
             Slain by Urug
             ... wielding a +4 war axe of flaming
              (6 damage)
             ... on level 1 of the Lair of Beasts.
             The game lasted 00:36:05 (18842 turns).

xccam the Grappler (White Draconian Transmuter)    Turns: 18842, Time: 00:36:06

Health: -4/106     AC: 16    Str: 15    XL:     12   Next: 59%
Magic:  21/21      EV: 16    Int: 23    God:    Okawaru [*****.]
Gold:   1092       SH:  0    Dex: 11    Spells: 15/23 levels left

rFire    x . .     SeeInvis .     - Unarmed
rCold    + + .     Gourm    .   (shield currently unavailable)
rNeg     . . .     Faith    .   (armour unavailable)
rPois    .         Spirit   .   L - +2 hat
rElec    .         Reflect  .   n - +2 cloak
rCorr    .         Harm     .   (gloves currently unavailable)
MR       .....                  F - +2 pair of boots
Stlth    +.........             p - amulet of magic regeneration
HPRegen  0.27/turn              z - ring of ice
MPRegen  0.42/turn              y - +6 ring of intelligence

@: short of breath, blade hands, marked, studying Ice Magic
A: breathe frost, unfitting armour, cold resistance 1, cold-blooded, AC +8
a: Breathe Frost, End Transformation, Heroism, Finesse, Renounce Religion


You were on level 1 of the Lair of Beasts.
You worshipped Okawaru.
Okawaru was extremely pleased with you.
You were hungry.
You had blades for hands.
You visited 3 branches of the dungeon, and saw 15 of its levels.
You also visited: Ice Cave.

You collected 1092 gold pieces.

Inventory:

Missiles
 a - 265 arrows
Armour
 d - a +1 pair of boots of stealth
 n - a +2 cloak (worn)
 u - the +2 pair of gloves of the Serpent (melded) {rPois rCorr}
   (You found it on level 1 of the Lair of Beasts)

   It protects you from poison.
   It provides partial protection from all sources of acid and corrosion.
 F - a +2 pair of boots (worn)
 L - a +2 hat (worn)
Jewellery
 p - an amulet of magic regeneration (around neck)
 q - a +4 ring of evasion
 t - the ring of Hausau {*Slow +Blink Str+3 Dex+4 SInv}
   (You acquired it on level 1 of the Lair of Beasts)

   [ring of see invisible]

   It affects your strength (+3).
   It affects your dexterity (+4).
   It lets you see invisible.
   It lets you blink.
   It may slow you when you take damage.
 v - an uncursed ring of fire
 y - a +6 ring of intelligence (right scythe-like blade)
 z - a ring of ice (left scythe-like blade)
Wands
 f - a wand of acid (9)
 m - a wand of polymorph (22)
 s - a wand of flame (42)
 A - a wand of random effects (15)
 C - a wand of paralysis (2)
 E - a wand of iceblast (40)
Scrolls
 e - a scroll of fear
 g - 6 scrolls of remove curse
 h - 5 scrolls of teleportation
 j - a scroll of immolation
 k - 4 scrolls of blinking
 l - 4 scrolls of fog
Potions
 b - 3 potions of might
 i - a potion of mutation
 o - 2 potions of resistance
 w - 3 potions of cancellation
 B - 2 potions of stabbing
 D - a potion of haste
 G - 2 potions of ambrosia
 H - 2 potions of curing
 J - 2 potions of brilliance
Books
 I - a manual of Ice Magic
 K - a manual of Ice Magic
Comestibles
 c - 19 rations


   Skills:
 * Level 9.8 Fighting
 * Level 8.4 Dodging
 - Level 13.0 Unarmed Combat
 - Level 6.0 Spellcasting
 - Level 10.0 Transmutations
 + Level 1.2 Ice Magic


You had 15 spell levels left.
You knew the following spells:

 Your Spells              Type           Power        Failure   Level  Hunger
a - Beastly Appendage     Tmut           ######       8%          1    None
b - Sticks to Snakes      Tmut           ######..     9%          2    None
c - Blade Hands           Tmut           ######....   28%         5    #####..

Your spell library contained the following spells:

 Spells                   Type           Power        Failure   Level  Hunger
 Spider Form              Tmut/Pois      ####......   26%         3    #......
 Magic Dart               Conj           #...         43%         1    None
 Ice Form                 Ice/Tmut       #####...     43%         4    ###....
 Blink                    Tloc           N/A          52%         2    None
 Call Imp                 Summ           #.......     52%         2    None
 Slow                     Hex            #.......     52%         2    None
 Conjure Flame            Conj/Fire      #.......     69%         3    #......
 Mephitic Cloud           Conj/Pois/Air  #.......     69%         3    #......


Dungeon Overview and Level Annotations

Branches:
Dungeon (12/15)            Temple (1/1) D:7            Lair (2/6) D:9
    Orc (0/2) D:12          IceCv (visited)
  Swamp: Lair:2-4    Shoals: Lair:2-4     Snake: Lair:2-4    Spider: Lair:2-4

Altars:
Ashenzari
Cheibriados
Dithmenos
Elyvilon
Fedhas
Gozag
Hepliaklqana
Kikubaaqudgha
Makhleb
Nemelex Xobeh
Okawaru
Qazlal
Ru
Sif Muna
Trog
Uskayaw
Vehumet
Wu Jian
Xom
Yredelemnul
Zin
The Shining One

Shops:
D:10 :

Annotations:
Lair:1 Urug
Lair:2 Fannar, Nergalle


Innate Abilities, Weirdness & Mutations

You can breathe waves of freezing cold.
You can buffet flying creatures when you breathe cold.
Your icy white scales are hard. (AC +8)
You cannot fit into any form of body armour.
Your flesh is cold resistant. (rC+)
You are cold-blooded and may be slowed by cold attacks.


Message History

The wolf barely misses you. Urug barely misses you. The wolf misses you.
Unknown command.
You slice Urug!!
Urug is severely wounded.
The wolf bites you but does no damage.
Unknown command.
You barely miss Urug.
Urug is severely wounded.
The wolf bites you but does no damage.
Urug hits you with a +4 war axe of flaming!!
Urug burns you!
* * * LOW HITPOINT WARNING * * *
Unknown command.
You slash Urug!
Urug is almost dead.
The wolf closely misses you.
Urug hits you with a +4 war axe of flaming!!
* * * LOW HITPOINT WARNING * * *
Urug burns you.
You die...

#.....# #.....
##....## #...#..
## ..
#...#####P##....
#....##Ph.....#
####....#.o@#
##P.P....#P.##
#.....#.#...#
##..#####.###
##...# ##...#
#....# #....#
#....###.....#
#........####....
####........#
#....


You could see Urug and a wolf.

Vanquished Creatures
  A centaur warrior (D:10)
  5 two-headed ogres
  5 slime creatures (D:12)
  An oklob plant (Lair:1)
  A necromancer (IceCv)
  2 ugly things
  A cyclops (D:12)
  An ice statue (IceCv)
  A gargoyle (D:10)
  10 freezing wraiths (IceCv)
  2 kobold demonologists (D:11)
  A komodo dragon (D:12)
  A tengu conjurer (D:12)
  4 trolls
  A hippogriff (D:11)
  5 yaks (Lair:1)
  A human (D:7)
  A wyvern (D:9)
  4 hogs (D:7)
  2 hungry ghosts (D:11)
  A death yak simulacrum (IceCv)
  3 wargs (D:9)
  A soldier ant (D:10)
  An acid dragon (D:10)
  3 orc warriors
  9 ice beasts
  4 sky beasts
  4 phantoms
  4 ogres
  3 centaurs
  A crocodile (Lair:1)
  3 big kobolds
  Blork the orc (D:5)
  7 bullfrogs
  A wyvern skeleton (D:8)
  7 scorpions
  9 killer bees
  14 wights
  5 howler monkeys
  5 crimson imps
  A centaur zombie (D:10)
  7 orc priests
  3 draconian simulacra (IceCv)
  3 hounds
  Crazy Yiuf (D:3)
  6 bullfrog skeletons
  4 jellies
  10 orc wizards
  2 centaur skeletons
  Ijyb (D:3)
  2 iguanas
  2 spriggan simulacra (IceCv)
  A polar bear simulacrum (IceCv)
  3 troll simulacra (IceCv)
  7 worker ants
  2 wolf simulacra (IceCv)
  A killer bee zombie (D:6)
  3 centaur simulacra (IceCv)
  A howler monkey zombie (D:9)
  3 gnolls (D:6)
  9 adders
  4 ogre simulacra (IceCv)
  5 naga simulacra (IceCv)
  6 shadow imps
  24 white imps
  2 oozes
  2 worms (D:4)
  2 dart slugs
  3 leopard geckos
  32 orcs
  3 giant cockroaches
  10 goblins
  6 hobgoblins
  11 jackals
  5 quokkas
  6 bats
  5 frilled lizards
  10 kobolds
  A leopard gecko zombie (D:8)
  9 rats
  A plant (Lair:1)
355 creatures vanquished.

Vanquished Creatures (collateral kills)
  Joseph (D:8)
  An orc (D:3)
2 creatures vanquished.

Grand Total: 357 creatures vanquished

Notes
Turn   | Place    | Note
-------+----------+-------------------------------------------
     0 | D:1      | xccam the Draconian Transmuter began the quest for the Orb.
     0 | D:1      | Reached XP level 1. HP: 16/16 MP: 3/3
   218 | D:1      | Reached XP level 2. HP: 11/23 MP: 3/5
   502 | D:1      | Reached skill level 4 in Unarmed Combat
   614 | D:1      | Reached XP level 3. HP: 28/28 MP: 6/6
   618 | D:1      | Learned a level 2 spell: Sticks to Snakes
   930 | D:2      | Found a shattered altar of Ashenzari.
  1705 | D:3      | Reached skill level 5 in Unarmed Combat
  1705 | D:3      | Reached XP level 4. HP: 6/35 MP: 7/7
  2073 | D:3      | Reached XP level 5. HP: 29/40 MP: 6/8
  2176 | D:3      | Noticed Ijyb
  2176 | D:3      | Paralysed by Ijyb for 6 turns
  2194 | D:3      | Killed Ijyb
  2194 | D:3      | Reached skill level 6 in Unarmed Combat
  2285 | D:3      | Found a faded altar of an unknown god.
  2785 | D:3      | Found a runed translucent door.
  2786 | D:3      | Noticed Crazy Yiuf
  2795 | D:3      | Killed Crazy Yiuf
  2931 | D:4      | Reached XP level 6. HP: 47/47 MP: 9/9
  3038 | D:4      | Reached skill level 7 in Unarmed Combat
  3079 | D:4      | Found a bloodstained altar of Trog.
  3525 | D:4      | Found an ornate altar of the Wu Jian Council.
  3725 | D:5      | Entered Level 5 of the Dungeon
  3760 | D:5      | Noticed Blork the orc
  3773 | D:5      | Killed Blork the orc
  3773 | D:5      | Reached skill level 8 in Unarmed Combat
  3773 | D:5      | Your scales start taking on an icy white colour.
  3773 | D:5      | Reached XP level 7. HP: 52/52 MP: 10/10
  3773 | D:5      | Gained mutation: Your flesh is cold resistant. (rC+) [White
                  | Draconian growth]
  4194 | D:5      | Found an opulent altar of Gozag.
  4195 | D:5      | Found a sparkling altar of Nemelex Xobeh.
  4253 | D:5      | Found a basalt altar of Yredelemnul.
  5718 | D:6      | Reached XP level 8. HP: 46/62 MP: 12/12
  6221 | D:7      | Found a staircase to the Ecumenical Temple.
  6233 | Temple   | Entered the Ecumenical Temple
  6961 | D:7      | Reached skill level 9 in Unarmed Combat
  7353 | D:7      | Found a shimmering altar of Xom.
  7356 | D:7      | Found an ancient bone altar of Kikubaaqudgha.
  7359 | D:7      | Found an iron altar of Okawaru.
  7363 | D:7      | Became a worshipper of Warmaster Okawaru
  7407 | D:7      | Reached skill level 5 in Transmutations
  8151 | D:7      | Reached XP level 9. HP: 30/69 MP: 13/15
  8163 | D:7      | Reached * piety under Okawaru
  8467 | D:7      | Reached skill level 10 in Unarmed Combat
  8872 | D:8      | Learned a level 5 spell: Blade Hands
  9269 | D:8      | Noticed Joseph
  9282 | D:8      | Killed Joseph
  9282 | D:8      | Reached ** piety under Okawaru
 10233 | D:9      | Reached skill level 5 in Spellcasting
 10233 | D:9      | Reached XP level 10. HP: 30/77 MP: 15/17
 10696 | D:9      | Noticed a two-headed ogre
 10709 | D:9      | Killed a two-headed ogre
 10709 | D:9      | Reached *** piety under Okawaru
 10709 | D:9      | Reached skill level 11 in Unarmed Combat
 10716 | D:9      | HP: 1/77 [orc warrior/+0 hand axe (13)]
 10720 | D:9      | Found a stormy altar of Qazlal.
 10720 | D:9      | Found a burning altar of Makhleb.
 10722 | D:9      | Found a white marble altar of Elyvilon.
 11220 | D:9      | Found a staircase to the Lair.
 11396 | D:9      | Found a blossoming altar of Fedhas.
 11540 | D:10     | Entered Level 10 of the Dungeon
 11586 | D:10     | Noticed a two-headed ogre
 11596 | D:10     | Killed a two-headed ogre
 11596 | D:10     | Reached **** piety under Okawaru
 12199 | D:10     | Noticed a centaur warrior
 12475 | D:10     | Found Jothru's Book Shoppe.
 12508 | D:10     | Noticed a gargoyle
 12516 | D:10     | Killed a gargoyle
 12516 | D:10     | Reached ***** piety under Okawaru
 12516 | D:10     | Reached skill level 12 in Unarmed Combat
 12701 | D:10     | Killed a centaur warrior
 12701 | D:10     | Reached skill level 10 in Transmutations
 12701 | D:10     | Reached XP level 11. HP: 69/82 MP: 15/20
 12923 | D:10     | Noticed a two-headed ogre
 12931 | D:10     | Killed a two-headed ogre
 13328 | D:9      | Found a sacrificial altar of Ru.
 13772 | D:11     | Found a shimmering altar of Xom.
 13823 | D:11     | Reached skill level 5 in Fighting
 13959 | D:11     | Noticed a white ugly thing
 13970 | D:11     | Killed a white ugly thing
 14306 | D:11     | Noticed a two-headed ogre
 14311 | D:11     | Killed a two-headed ogre
 14311 | D:11     | Reached skill level 5 in Dodging
 14725 | D:12     | Found a staircase to the Orcish Mines.
 14962 | D:12     | Received a gift from Okawaru
 15051 | D:12     | Found an ornate altar of the Wu Jian Council.
 15269 | D:12     | Noticed a two-headed ogre
 15278 | D:12     | Killed a two-headed ogre
 15278 | D:12     | Reached XP level 12. HP: 90/100 MP: 21/21
 16111 | Lair:1   | Entered Level 1 of the Lair of Beasts
 16112 | Lair:1   | Identified a scroll of acquirement
 16113 | Lair:1   | Got the ring of Hausau {*Slow +Blink Str+3 Dex+4 SInv}
 16382 | Lair:1   | Found a frozen archway.
 16401 | Lair:1   | Reached skill level 13 in Unarmed Combat
 16424 | Lair:1   | Got a pair of jewelled gloves
 16449 | IceCv    | Entered an ice cave
 16493 | IceCv    | Identified the +2 pair of gloves of the Serpent {rPois
                  | rCorr} (You found it on level 1 of the Lair of Beasts)
 17532 | IceCv    | Found an ancient bone altar of Kikubaaqudgha.
 18750 | Lair:1   | Reached skill level 1 in Ice Magic
 18827 | Lair:1   | You fall into a shaft and drop 1 floor!
 18827 | Lair:2   | Noticed Urug
 18832 | Lair:2   | Noticed Nergalle
 18834 | Lair:2   | Noticed Fannar
 18842 | Lair:1   | HP: 2/106 [Urug/+4 war axe of flaming (26)]
 18842 | Lair:1   | Slain by Urug

Illustrated notes

Levels and vault maps discovered:
D:1:      dpeg_arrival_ratfight, layout_rooms, st_stairs_7
D:2:      layout_loops_ring, old_standard_altar, chequers_serial_rivers_micro_d
D:3:      layout_basic, chequers_ecumenical_altar_simple, uniq_ijyb,
          uniq_crazy_yiuf_cottage
D:4:      layout_basic, kennysheep_mini, trog_three_pillars_becter
D:5:      layout_loops_ring, grunt_temple_overflow_opulence, first_ration,
          yredelemnul_altar_generic, uniq_blork_the_orc
D:6:      layout_gridville, roderic_filled_cross
D:7:      layout_basic, grunt_temple_overflow_diamond,
          minmay_temple_entry_arrows, grunt_livestock,
          kennysheep_generic_room_15
D:8:      layout_cave_pools, uniq_joseph
D:9:      layout_rooms, nicolae_overflow_hidden_temple,
          erik_lair_orcish_takeover
D:10:     minmay_ornate_pinched, layout_loops_ring, serial_shops, shop
D:11:     layout_roguey, basic_altar, kennysheep_generic_room_12
D:12:     layout_long_grid, orc_david_3, minmay_ruined_shrine
Temple:   eino_wide_crystal_templ
Lair:1:   lemuel_slime, layout_misc_corridors, portal_ice_cave_entry_imps,
          minmay_lair_oklob_chamber
Lair:2:   layout_gridlike, uniq_fannar, uniq_nergalle, uniq_urug

Skill      XL: |  1  2  3  4  5  6  7  8  9 10 11 12 |
---------------+-------------------------------------+-----
Unarmed Combat | 4 5 6 8 9 10 12 13 | 13.0
Dodging        | 2 6 8 |  8.4
Fighting       | 2 3 7 9 |  9.8
Transmutations | 3 5 7 10 | 10.0
Spellcasting   | 4 5 6 |  6.0
Ice Magic      | 1 |  1.2

Action                   |  1- 3 |  4- 6 |  7- 9 | 10-12 || total
-------------------------+-------+-------+-------+-------++-------
Melee: Unarmed           |   170 |   165 |   411 |   776 ||  1522
       Tailslap          |    13 |    16 |    41 |    82 ||   152
       Kick              |     9 |     3 |    18 |       ||    30
       Punch             |     2 |     8 |    11 |    44 ||    65
       Headbutt          |       |     3 |    12 |    10 ||    25
 Cast: Beastly Appendage |     6 |     8 |    21 |     5 ||    40
       Sticks to Snakes  |       |     4 |     8 |       ||    12
       Blade Hands       |       |       |       |    31 ||    31
Invok: Heroism           |       |       |     1 |     6 ||     7
 Abil: Breathe Frost     |       |       |     7 |     6 ||    13
Evoke: Wand              |       |     3 |     3 |    11 ||    17
  Use: Potion            |     3 |       |     4 |     2 ||     9
       Scroll            |       |     8 |     4 |    15 ||    27
 Stab: Distracted        |       |     1 |       |       ||     1
       Paralysed         |       |     6 |     6 |     6 ||    18
       Confused          |       |       |       |     1 ||     1
  Eat: Chunk             |     3 |     7 |    11 |    23 ||    44
       Ration            |       |       |     3 |     6 ||     9
Armor: Skin              |    68 |    30 |    86 |   183 ||   367
Dodge: Dodged            |   116 |    67 |   287 |   558 ||  1028

Table legend:
 A = Non-vault XP
 B = Vault XP
 C = Vault XP percentage of total XP
 D = Non-vault monster count
 E = Vault monster count
 F = Vault count percentage of total count
                 A         B        C        D         E       F
            +---------+---------+-------+---------+---------+-------
      Total |   18835 |   12711 |  40.3 |     247 |     109 |  30.6
            +---------+---------+-------+---------+---------+-------
        D:1 |      56 |       8 |  12.5 |      27 |       7 |  20.6
        D:2 |      24 |       0 |   0.0 |      12 |       0 |   0.0
        D:3 |     181 |      73 |  28.7 |      18 |       2 |  10.0
        D:4 |     336 |       0 |   0.0 |      15 |       0 |   0.0
        D:5 |     184 |      90 |  32.8 |       3 |       1 |  25.0
        D:6 |     671 |       0 |   0.0 |      19 |       0 |   0.0
        D:7 |     958 |     999 |  51.0 |      19 |       6 |  24.0
        D:8 |    1166 |     436 |  27.2 |      21 |       1 |   4.5
        D:9 |    1812 |     634 |  25.9 |      21 |       8 |  27.6
       D:10 |    2216 |    2651 |  54.5 |      20 |      10 |  33.3
       D:11 |    4984 |       0 |   0.0 |      37 |       0 |   0.0
       D:12 |    5097 |     789 |  13.4 |      29 |       7 |  19.4
     Lair:1 |    1150 |     766 |  40.0 |       6 |      13 |  68.4
      IceCv |       0 |    6265 | 100.0 |       0 |      54 | 100.0
            +---------+---------+-------+---------+---------+-------
